 Dungeon Crawl Stone Soup version bcrawl-1.27.6 (webtiles) character file.

Game seed: 2429641044060546928

207225 Faustar the Destroyer (level 8, -3/46 HPs)
             Began as a Fairy Wizard on Sept 24, 2020.
             Slain by a warg (9 damage)
             ... on level 7 of the Dungeon.
             The game lasted 00:22:27 (6757 turns).

Faustar the Destroyer (Fairy Wizard)                Turns: 6757, Time: 00:22:28

Health: -3/46      AC: 10    Str:  5    XL:     8   Next: 94%
Magic:  8/18       EV: 16    Int: 24    God:
Gold:   160        SH:  5    Dex: 11    Spells: 9/17 levels left

rFire    . . .     SeeInvis .   g - +2 dagger (venom)
rCold    . . .     Gourm    .   (shield restricted)
rNeg     . . .     Faith    .   (armour unavailable)
rPois    +         Spirit   .   n - +2 hat
rElec    .         Reflect  .   k - +0 cloak
rCorr    .         Harm     .   (no gloves)
MR       .....     Clarity  +   (no boots)
Stlth    +.........             (no amulet)
HPRegen  0.15/turn              (no ring)
MPRegen  0.16/turn              (no ring)

@: flying evasively
A: small, magic attunement, unstealthy, unfitting armour, iridescent scales 1,
clarity, poison resistance, able to fly, AC/SH +5
a: Stop Flying


You were on level 7 of the Dungeon.
You were not hungry.

You visited 2 branches of the dungeon, and saw 8 of its levels.

You collected 160 gold pieces.

Inventory:

Hand Weapons
 a - a +0 staff
 g - a +2 dagger of venom (weapon)
 l - a +3 quarterstaff of chaos
Armour
 b - a +0 hat
 k - a +0 cloak (worn)
 n - a +2 hat (worn)
Wands
 w - a wand of flame (5)
 y - a wand of random effects (11)
Scrolls
 c - 2 scrolls of enchant armour {unknown}
 f - 2 scrolls of identify
 j - 2 scrolls of teleportation {unknown}
 o - 3 scrolls of blinking {unknown}
 r - a scroll of immolation {unknown}
 s - a scroll of enchant weapon {unknown}
 t - a scroll of remove curse {unknown}
 v - a scroll of fear {unknown}
Potions
 d - 2 potions of brilliance
 h - a potion of might
 i - 2 potions of haste {unknown}
 m - 3 potions of mutation
 p - a potion of ambrosia {unknown}
 q - a potion of resistance {unknown}
 u - a potion of heal wounds {unknown}
 x - a potion of curing {unknown}
 z - a potion of cancellation {unknown}
Comestibles
 e - 9 rations {!d}
 A - a chunk of flesh


   Skills:
 - Level 2.6 Dodging
 - Level 1.5 Stealth
 - Level 5.4 Spellcasting
 + Level 8.1 Conjurations
 + Level 7.0 Summonings
 - Level 3.0 Translocations
 - Level 3.0 Air Magic
 - Level 3.0 Poison Magic


You had 9 spell levels left.
You knew the following spells:

 Your Spells              Type           Power        Failure   Level  Hunger
a - Magic Dart            Conj           ####         1%          1    None
b - Call Imp              Summ           #####.       1%          2    None
c - Blink                 Tloc           N/A          3%          2    None
d - Mephitic Cloud        Conj/Pois/Air  ####....     3%          3    None

Your spell library contained the following spells:

 Spells                   Type           Power        Failure   Level  Hunger
 Conjure Flame            Conj/Fire      ####....     4%          3    None
 Spider Form              Tmut/Pois      ##.          14%         3    None


Dungeon Overview and Level Annotations

Branches:
Dungeon (7/12)             Temple (1/1) D:4
   Lair: D:7-9

Altars:
Ashenzari
Cheibriados
Dithmenos
Elyvilon
Fedhas
Gozag
Hepliaklqana
Kikubaaqudgha
Lugonu
Makhleb
Okawaru
Qazlal
Ru
Trog
Uskayaw
Vehumet
Wu Jian
Xom
Yredelemnul
Zin
The Shining One


Innate Abilities, Weirdness & Mutations

Your spells do not cause hunger and MP costs are reduced by 1.
Your bright wings attract enemies. (Stealth-)
You cannot fit into any form of body armour.
Your shimmering scales are hard and can block incoming attacks. (AC +5, SH +5)
You are small and have problems with some larger weapons.
You can fly continuously.
You are partially covered in iridescent scales. (AC +2)
You possess an exceptional clarity of mind.
Your system is resistant to poisons. (rPois)


Message History

The warg bites something!
The warg stops to sniff the ground.
The warg bites your white imp!
Your white imp dies!
Casting: Call Imp (safe; 1% risk of failure)
Confirm with . or Enter, or press ? or * to list all spells.
A beastly little devil appears in a puff of flame.
The warg bites you!
The warg bites something.
Casting: Call Imp (safe; 1% risk of failure)
Confirm with . or Enter, or press ? or * to list all spells.
A shadowy apparition takes form in the air.
The warg bites you!
* * * LOW HITPOINT WARNING * * *
The warg bites you but does no damage. x2
Your crimson imp closely misses the warg.
Casting: Call Imp (safe; 1% risk of failure)
Confirm with . or Enter, or press ? or * to list all spells.
A beastly little devil appears in a puff of frigid air.
The warg bites you!
You die...

###..o########...#.#
........#........#.#
.....ho.o....#.....####
.......##.##.##.......#
.#...oo#..##...o....#.#
#....Fo.Fo.o..h#...#.#
###..##.#######o.5...# #
....>....? #hh.)..#.#
#########.#.####@5....#.#
.....5.........#
#.#####....#.######### ..
.......#.#......<#
.#%#####..#.#.#######
...#.#......#
.#.##.######.# ..#.##.#
#.# ## #. #.# #.#


You could see 3 wargs, 2 orcs, a friendly crimson imp, a friendly white imp and
a friendly shadow imp.

Vanquished Creatures
  Duvessa (D:5)
  A black bear (D:6)
  2 sky beasts
  A bullfrog (D:6)
  2 scorpions (D:6)
  A crimson imp (D:3)
  Crazy Yiuf (D:2)
  2 hounds (D:5)
  A jelly (D:6)
  An orc priest (D:4)
  2 orc wizards
  5 iguanas
  A worker ant (D:5)
  4 adders
  An ooze (D:1)
  An adder skeleton (D:5)
  3 worms (D:3)
  2 dart slugs
  3 leopard geckos
  13 orcs
  4 bats
  A giant cockroach (D:4)
  3 goblins
  7 hobgoblins
  A jackal (D:2)
  A quokka (D:4)
  2 frilled lizards (D:1)
  5 kobolds
  6 rats
78 creatures vanquished.

Vanquished Creatures (collateral kills)
  An ice beast (D:6)
  A hornet zombie (D:6)
  2 sky beasts
  3 ogres
  A wyvern skeleton (D:6)
  Dowan (D:5)
  A crimson imp (D:5)
  2 hounds
  An orc priest (D:5)
  2 jellies
  3 orc wizards (D:6)
  Jessica (D:2)
  2 iguanas
  Terence (D:3)
  2 worker ants
  2 adders
  2 worms (D:4)
  3 dart slugs (D:2)
  A leopard gecko (D:4)
  9 orcs
  A ball python (D:2)
  A goblin (D:3)
  2 jackals (D:2)
  A quokka (D:3)
  A kobold (D:6)
  A butterfly (D:6)
48 creatures vanquished.

Vanquished Creatures (others)
  An orc (D:3)
1 creature vanquished.

Grand Total: 127 creatures vanquished

Notes
Turn   | Place    | Note
-------+----------+-------------------------------------------
     0 | D:1      | Faustar the Fairy Wizard began the quest for the Orb.
     0 | D:1      | Reached XP level 1. HP: 11/11 MP: 7/7
   102 | D:1      | Reached XP level 2. HP: 17/17 MP: 9/9
   137 | D:1      | Reached skill level 2 in Conjurations
   388 | D:1      | Learned a level 2 spell: Call Imp
   554 | D:1      | Reached XP level 3. HP: 21/21 MP: 11/11
   988 | D:2      | Noticed Jessica
   998 | D:2      | Killed Jessica
  1097 | D:2      | Found a basalt altar of Yredelemnul.
  1229 | D:2      | Gained mutation: Your system is resistant to poisons.
                  | (rPois) [potion of mutation]
  1229 | D:2      | Gained mutation: You possess an exceptional clarity of
                  | mind. [potion of mutation]
  1229 | D:2      | Gained mutation: You are partially covered in iridescent
                  | scales. (AC +2) [potion of mutation]
  1229 | D:2      | Reached skill level 3 in Conjurations
  1229 | D:2      | Reached XP level 4. HP: 7/27 MP: 9/12
  1413 | D:2      | Reached skill level 5 in Spellcasting
  1523 | D:2      | Found a runed door.
  1985 | D:2      | Noticed Crazy Yiuf
  2018 | D:2      | Killed Crazy Yiuf
  2250 | D:3      | Noticed Terence
  2296 | D:3      | Killed Terence
  2399 | D:3      | Reached XP level 5. HP: 31/31 MP: 11/14
  2439 | D:3      | Noticed a sky beast
  2652 | D:3      | Learned a level 2 spell: Blink
  2656 | D:3      | Learned a level 3 spell: Mephitic Cloud
  2694 | D:3      | Killed a sky beast
  2694 | D:3      | Reached skill level 4 in Conjurations
  2704 | D:3      | Reached skill level 1 in Air Magic
  2704 | D:3      | Reached skill level 1 in Poison Magic
  2928 | D:3      | Found a radiant altar of Vehumet.
  2953 | D:3      | Reached XP level 6. HP: 27/36 MP: 16/16
  3497 | D:4      | Found a staircase to the Ecumenical Temple.
  3619 | Temple   | Entered the Ecumenical Temple
  4304 | D:5      | Entered Level 5 of the Dungeon
  4335 | D:5      | Reached XP level 7. HP: 23/41 MP: 7/17
  4890 | D:5      | Found an opulent altar of Gozag.
  4919 | D:5      | Reached skill level 5 in Conjurations
  5163 | D:5      | Noticed Dowan
  5164 | D:5      | Noticed Duvessa
  5198 | D:5      | Killed Duvessa
  5199 | D:5      | Killed Dowan
  5233 | D:5      | Reached XP level 8. HP: 46/46 MP: 13/18
  5369 | D:5      | Reached skill level 6 in Conjurations
  5369 | D:5      | Reached skill level 5 in Summonings
  5695 | D:6      | Found a shimmering altar of Xom.
  5868 | D:6      | Reached skill level 7 in Conjurations
  5932 | D:6      | Found a radiant altar of Vehumet.
  6342 | D:6      | Reached skill level 8 in Conjurations
  6582 | D:6      | Found an ornate altar of the Wu Jian Council.
  6757 | D:7      | Slain by a warg

Skill      XL: |  1  2  3  4  5  6  7  8 |
---------------+-------------------------+-----
Conjurations   | 2 3 4 5 8 |  8.1
Spellcasting   | 5 |  5.4
Summonings     | 2 3 4 7 |  7.0
Air Magic      | 1 2 3 |  3.0
Poison Magic   | 1 2 3 |  3.0
Translocations | 2 3 |  3.0
Dodging        | |  2.6
Stealth        | |  1.5

Action                   |  1- 3 |  4- 6 |  7- 9 || total
-------------------------+-------+-------+-------++-------
Melee: Staff             |    19 |       |       ||    19
       Dagger            |     5 |   126 |   115 ||   246
 Cast: Magic Dart        |    49 |     8 |    19 ||    76
       Call Imp          |    11 |    78 |    61 ||   150
       Mephitic Cloud    |       |     6 |    17 ||    23
Evoke: Wand              |       |       |     3 ||     3
  Use: Potion            |     1 |       |       ||     1
 Stab: Distracted        |       |     2 |       ||     2
       Confused          |       |       |     1 ||     1
  Eat: Chunk             |     2 |    10 |    12 ||    24
       Ration            |       |     1 |       ||     1
Armor: Skin              |     9 |    28 |    15 ||    52
Dodge: Dodged            |    21 |    78 |    73 ||   172
Block: Other             |     7 |    26 |    31 ||    64
